 Dungeon Crawl Stone Soup version 0.21-a0-552-g593960d (webtiles) character file.

2426 slep the Cleaver (level 9, -7/75 HPs)
             Began as a Black Draconian Gladiator on Dec 17, 2017.
             Was a Follower of Okawaru.
             Mangled by an ice beast (10 damage)
             ... on level 7 of the Dungeon.
             The game lasted 00:25:03 (5648 turns).

slep the Cleaver (Black Draconian Gladiator)        Turns: 5648, Time: 00:25:03

Health: -7/75      AC:  5    Str: 18    XL:     9   Next: 24%
Magic:  9/9        EV: 16    Int:  8    God:    Okawaru [*.....]
Gold:   213        SH:  0    Dex: 20    Spells: 8/8 levels left

rFire    . . .     SeeInvis .   M - +0 battleaxe
rCold    . . .     Gourm    .   (shield currently unavailable)
rNeg     . . .     Faith    +   (armour unavailable)
rPois    .         Spirit   .   b - +0 hat
rElec    +         Reflect  .   (no cloak)
rCorr    .         Harm     .   y - +0 pair of gloves
MR       .....                  (no boots)
Stlth    +++.......             f - amulet of faith
HPRegen  0.22/turn              v - +5 ring of dexterity
MPRegen  0.11/turn              K - -3 ring of protection (curse)

@: slowed, very slow
A: breathe lightning, unfitting armour, electricity resistance, cold-blooded, AC
+7
a: Breathe Lightning, Heroism, Renounce Religion


You were on level 7 of the Dungeon.
You worshipped Okawaru.
Okawaru was aware of your devotion.
You were not hungry.

You visited 2 branches of the dungeon, and saw 8 of its levels.

You collected 226 gold pieces.
You spent 13 gold pieces at shops.

Inventory:

Hand Weapons
 a - a +0 war axe
 L - the +11 rapier "Ziarof" {pierce, rPois rC+++ MP-9 Dex-3}
   (You found it on level 6 of the Dungeon)

   It inflicts extra damage upon your enemies.
   It affects your dexterity (-3).
   It renders you almost immune to cold.
   It protects you from poison.
   It affects your magic capacity (-9).
 M - a +0 battleaxe (weapon)
Missiles
 c - 2 throwing nets (quivered)
 D - 24 sling bullets
Armour
 b - a +0 hat (worn)
 o - +0 pearl dragon scales
 y - a +0 pair of gloves (worn)
Jewellery
 f - an amulet of faith (around neck)
 v - a +5 ring of dexterity (left hand)
 K - a cursed -3 ring of protection (right hand)
Wands
 F - a wand of disintegration (14)
 G - a wand of iceblast (7)
Scrolls
 i - 10 scrolls of identify {unknown}
 n - 4 scrolls of enchant armour {unknown}
 p - 3 scrolls of immolation {unknown}
 q - a scroll of random uselessness {unknown}
 r - 3 scrolls of remove curse {unknown}
 w - 2 scrolls of magic mapping {unknown}
 x - a scroll of fog {unknown}
 z - a scroll of amnesia {unknown}
 C - a scroll of noise {unknown}
 E - a scroll of enchant weapon {unknown}
 H - a scroll of vulnerability {unknown}
 J - a scroll of blinking {unknown}
Potions
 e - 2 potions of curing {unknown}
 g - 3 potions of haste {unknown}
 j - 3 potions of heal wounds
 k - a potion of brilliance {unknown}
 m - a potion of magic {unknown}
 s - 3 potions of degeneration
 u - a potion of mutation {unknown}
 A - a potion of lignification {unknown}
 B - a potion of flight {unknown}
 I - a potion of ambrosia {unknown}
Comestibles
 d - 4 bread rations
 l - 5 fruits
 t - 3 meat rations


   Skills:
 + Level 5.7 Fighting
 + Level 9.6 Axes
 + Level 2.0 Throwing
 + Level 5.3 Dodging
 + Level 4.3 Stealth


You had 8 spell levels left.
You didn't know any spells.

Dungeon Overview and Level Annotations

Branches:
Dungeon (7/15)             Temple (1/1) D:6

Altars:
Cheibriados
Dithmenos
Elyvilon
Fedhas
Gozag
Hepliaklqana
Kikubaaqudgha
Makhleb
Nemelex Xobeh
Okawaru
Qazlal
Sif Muna
Trog
Uskayaw
Vehumet
Wu Jian
Xom
Zin
The Shining One

Shops:
D:5 *


Innate Abilities, Weirdness & Mutations

You can breathe wild blasts of lightning.
Your glossy black scales are hard. (AC +7)
You cannot fit into any form of body armour.
You are resistant to electric shocks. (rElec)
You are cold-blooded and may be slowed by cold attacks.


Message History

The ice beast completely misses you. The jackal barely misses you.
The jackal misses you.
You hit the ice beast but do no damage.
The ice beast is almost dead.
You slash the jackal!
You kill the jackal!
Okawaru accepts your kill.
You hit the quokka skeleton. You closely miss the jackal.
You feel yourself speed up. The jackal misses you.
The quokka skeleton bites you.
* * * LOW HITPOINT WARNING * * *
The ice beast hits you.
* * * LOW HITPOINT WARNING * * *
The ice beast freezes you!
You feel yourself slow down.
* * * LOW HITPOINT WARNING * * *
The jackal completely misses you. The quokka skeleton closely misses you.
The ice beast hits you.
* * * LOW HITPOINT WARNING * * *
The ice beast freezes you!
You die...

##..... ##. # #...... ..
#. #.....#.. #
#.##.....#.##.#
#............
........?.>#
######..hZ†#.#..#
........Y@......#
#...........############
#.......................
#...........####...<####
#..........)# #.#.##
+...........# #...#
#...........####.#.#
#..................#
#...............<######


You could see an ice beast, a jackal and a quokka skeleton.

Vanquished Creatures
  Sigmund (D:2)
  The ghost of Maxmaps the Slasher, an amateur DsSk (D:4)
  Menkaure (D:5)
  3 ogres
  A sky beast (D:6)
  2 phantoms
  2 centaurs (D:6)
  3 bullfrogs
  3 scorpions
  3 howler monkeys
  2 crimson imps
  A quasit (D:7)
  2 hounds
  4 orc priests
  3 bullfrog skeletons (D:5)
  A gnoll shaman (D:4)
  4 orc wizards
  Ijyb (D:5)
  3 worker ants
  A hound skeleton (D:6)
  A howler monkey zombie (D:5)
  8 adders
  5 gnolls
  A shadow imp (D:6)
  An ooze (D:6)
  3 adder skeletons
  5 worms
  6 dart slugs
  7 leopard geckos
  16 orcs
  7 bats
  5 giant cockroaches
  3 goblins (D:2)
  7 hobgoblins
  8 jackals
  9 kobolds
  2 quokkas (D:3)
  2 ball pythons
  4 frilled lizards
  A leopard gecko zombie (D:6)
  14 rats
  A bush (D:6)
158 creatures vanquished.

Notes
Turn   | Place    | Note
-------+----------+-------------------------------------------
     0 | D:1      | slep the Draconian Gladiator began the quest for the Orb.
     0 | D:1      | Reached XP level 1. HP: 17/17 MP: 1/1
    82 | D:1      | Reached XP level 2. HP: 8/24 MP: 2/2
   588 | D:1      | Reached XP level 3. HP: 22/30 MP: 3/3
   928 | D:2      | Reached skill level 4 in Axes
   996 | D:2      | Found a glowing golden altar of the Shining One.
  1134 | D:2      | Reached XP level 4. HP: 34/37 MP: 4/4
  1338 | D:2      | Noticed Sigmund
  1634 | D:3      | Noticed a phantom
  1650 | D:3      | Killed a phantom
  1650 | D:3      | Reached skill level 5 in Axes
  1650 | D:3      | Reached XP level 5. HP: 11/45 MP: 5/5
  1667 | D:3      | Found a burning altar of Makhleb.
  2074 | D:3      | Found a glowing silver altar of Zin.
  2264 | D:4      | Reached skill level 1 in Stealth
  2264 | D:4      | Reached XP level 6. HP: 35/51 MP: 6/6
  2455 | D:4      | Reached skill level 6 in Axes
  2476 | D:4      | Noticed Maxmaps's ghost (amateur DsSk)
  2557 | D:5      | Entered Level 5 of the Dungeon
  2679 | D:5      | Noticed Ijyb
  2692 | D:5      | Killed Ijyb
  2711 | D:5      | Your scales start taking on a glossy black colour.
  2711 | D:5      | Reached XP level 7. HP: 57/57 MP: 7/7
  2711 | D:5      | Gained mutation: You are resistant to electric shocks. (rElec) [Black Draconian growth]
  2873 | D:5      | Found Suuroed's General Store.
  2877 | D:5      | Bought a potion of degeneration for 13 gold pieces
  3063 | D:5      | Reached skill level 7 in Axes
  3385 | D:5      | Noticed Menkaure
  3502 | D:2      | Killed Sigmund
  3502 | D:2      | Reached XP level 8. HP: 52/67 MP: 8/8
  3700 | D:4      | Killed Maxmaps's ghost
  3700 | D:4      | Reached skill level 8 in Axes
  4364 | D:4      | Found a white marble altar of Elyvilon.
  4452 | D:4      | Reached skill level 5 in Dodging
  4537 | D:5      | Killed Menkaure
  4537 | D:5      | Reached skill level 5 in Fighting
  4788 | D:6      | Reached skill level 9 in Axes
  4835 | D:6      | Found a blossoming altar of Fedhas.
  4847 | D:6      | Found a staircase to the Ecumenical Temple.
  4856 | Temple   | Entered the Ecumenical Temple
  4889 | Temple   | Became a worshipper of Warmaster Okawaru
  4975 | D:6      | Found a deep blue altar of Sif Muna.
  4975 | D:6      | Found a shadowy altar of Dithmenos.
  5026 | D:6      | Reached XP level 9. HP: 40/74 MP: 9/9
  5082 | D:6      | Noticed a moth of wrath
  5085 | D:6      | Found a bloodstained altar of Trog.
  5122 | D:6      | Got a shimmering rapier
  5129 | D:6      | Identified the +11 rapier "Ziarof" {pierce, rPois rC+++ MP-9 Dex-3} (You found it on level 6 of the Dungeon)
  5643 | D:7      | Reached * piety under Okawaru
  5645 | D:7      | HP: 2/75 [ice beast (14)]
  5648 | D:7      | Mangled by an ice beast

Vault maps used:
D:1:      dpeg_arrival_rhombus, minmay_misc_feat_x
D:2:      wad_pebble_path, tso_metal_star, uniq_sigmund
D:3:      nicolae_overflow_crystal_walls, zin_statuary, grunt_decor_one_mirror,
          hangedman_decor_clover_reticule
D:4:      kennysheep_mini_moat, first_bread
D:5:      serial_shops, shop, uniq_menkaure, uniq_ijyb
D:6:      fedhas_bush_and_centaur_altar, tgw_trog,
          gammafunk_temple_overflow_elements, minmay_temple_entry_glass,
          st_stairs_11
D:7:      marbit_many_paths, yredelemnul_forgotten_temple_becter
Temple:   minmay_temple_bridge_abc

Skill      XL: |  1  2  3  4  5  6  7  8  9 |
---------------+----------------------------+-----
Throwing       | 2 |  2.0
Dodging        | 3 4 5 |  5.3
Axes           | 4 5 6 7 9 |  9.6
Fighting       | 3 4 5 |  5.7
Stealth        | 1 2 3 4 |  4.3

Action                   |  1- 3 |  4- 6 |  7- 9 || total
-------------------------+-------+-------+-------++-------
Melee: War axe           |   123 |   175 |   234 ||   532
       Tailslap          |    13 |    38 |    65 ||   116
       Battleaxe         |       |       |    50 ||    50
Throw: Throwing net      |       |       |     1 ||     1
  Use: Potion            |     1 |       |     1 ||     2
 Stab: Sleeping          |     1 |     5 |     9 ||    15
       Distracted        |       |       |     1 ||     1
       Held in net/web   |       |       |     1 ||     1
  Eat: Chunk             |     1 |     5 |    10 ||    16
Armor: Skin              |    50 |    50 |    64 ||   164
Dodge: Dodged            |   111 |   132 |   227 ||   470

Table legend:
 A = Spawn XP
 B = Non-spawn XP
 C = Spawn XP percentage of total XP
 D = Spawn monster count
 E = Non-spawn monster count
 F = Spawn count percentage of total count
 G = Total turns spent on level
                    A         B        C        D         E        F      G
               +---------+---------+-------+---------+---------+-------+---------
         Total |       0 |    3466 |   0.0 |       0 |     157 |   0.0 |  5648
               +---------+---------+-------+---------+---------+-------+---------
           D:1 |       0 |      42 |   0.0 |       0 |      22 |   0.0 |   622
           D:2 |       0 |     289 |   0.0 |       0 |      19 |   0.0 |   893
           D:3 |       0 |     253 |   0.0 |       0 |      30 |   0.0 |   936
           D:4 |       0 |     819 |   0.0 |       0 |      29 |   0.0 |  1247
           D:5 |       0 |     896 |   0.0 |       0 |      24 |   0.0 |   856
           D:6 |       0 |     768 |   0.0 |       0 |      25 |   0.0 |   932
           D:7 |       0 |     283 |   0.0 |       0 |       7 |   0.0 |    95
        Temple |       0 |     116 |   0.0 |       0 |       1 |   0.0 |    67
               +---------+---------+-------+---------+---------+-------+---------
